AoeStats
← ainea_zothana

Arabia

509823035Analyzed
1v1 RM · 4d ago on Sep 28, 2026· 18m 9s· 2 players
Game mode
Random Map
Map size
Tiny (2 player)
Population
200
Speed
Normal
Resources
Standard
Victory
Conquest
Starting age
Dark Age
Ending age
Imperial Age
RankedLock teamsTeams togetherTeam positionsShared explorationLock speedFull tech treeHidden civsTurbo modeCheats
Victory
Defeat
🇮🇳 Tupi · India
1037
+15
🇨🇳 Malay · China
1016
-15
半只烟
8:23 Loom
10:35 Feudal Age
12:11 Horse Collar
16:50 Town Watch
19:47 Castle Age
ainea_zothana
9:38 Feudal Age
8:32 Loom
14:30 Castle Age
13:46 Double-Bit Axe
15:35 Gold Mining
Connection lost

Rejoining the realm…

Still unreachable

The connection could not be restored.

Session expired

The server has moved on; the page needs a fresh start.